 Dungeon Crawl Stone Soup version 0.30-a0-279-g4b46babb21 (webtiles) character file.

Game seed: 11545705675273933262

311 themarg the Chopper (level 6, -18/53 HPs)
             Began as a Gnoll Chaos Knight on Oct 16, 2022.
             Was a Plaything of Xom.
             Killed by an exploding iguana (21 damage)
             ... ignited by their inner flame
             ... on level 4 of the Dungeon.
             The game lasted 00:08:42 (2429 turns).

themarg the Chopper (Gnoll Chaos Knight)            Turns: 2429, Time: 00:08:42

Health: -18/53     AC:  6    Str: 13    XL:     6   Next: 42%
Magic:  9/9        EV: 11    Int: 12    God:    Xom [..*...]
Gold:   58         SH:  0    Dex: 11    Spells: 9/9 levels left

rFire   . . .      SeeInvis .    a - +0 hand axe (chaos)
rCold   . . .      Faith    .    (no shield)
rNeg    . . .      Spirit   .    i - +0 ring mail
rPois   .          Reflect  .    (no helmet)
rElec   .          Harm     .    (no cloak)
rCorr   .          Rampage  .    (no gloves)
Will    .....                    (no boots)
Stlth   +.........               (no amulet)
HPRegen 0.28/turn                (no ring)
MPRegen 0.11/turn                (no ring)

@: no status effects
A: fangs 1, strong nose, distributed training, mutation resistance 1
a: Renounce Religion


You were on level 4 of the Dungeon.
You worshipped Xom.
You were a toy of Xom.
You visited 1 branch of the dungeon, and saw 4 of its levels.

You collected 58 gold pieces.

Inventory:

Hand Weapons
 a - a +0 hand axe of chaos (weapon)
Missiles
 d - 2 javelins
 e - 11 stones
 m - 8 poisoned darts
Armour
 i - a +0 ring mail (worn)
 n - a +0 plate armour
Wands
 o - a wand of acid (1)
Potions
 k - a potion of mutation
 l - a potion of berserk rage {unknown}
Miscellaneous
 c - a piece from Xom's chessboard (15/15) (quivered)


   Skills:
 + Level 6.8 Fighting
 + Level 2.0 Short Blades
 + Level 2.0 Long Blades
 + Level 6.8 Axes
 + Level 2.0 Maces & Flails
 + Level 2.0 Polearms
 + Level 2.0 Staves
 + Level 2.0 Ranged Weapons
 + Level 2.0 Throwing
 + Level 5.0 Armour
 + Level 3.3 Dodging
 + Level 2.0 Stealth
 + Level 2.0 Shields
 + Level 2.0 Unarmed Combat
 + Level 2.0 Spellcasting
 + Level 1.6 Conjurations
 + Level 1.6 Hexes
 + Level 1.6 Summonings
 + Level 1.6 Necromancy
 + Level 1.6 Translocations
 + Level 1.6 Transmutations
 + Level 1.6 Fire Magic
 + Level 1.6 Ice Magic
 + Level 1.6 Air Magic
 + Level 1.6 Earth Magic
 + Level 1.6 Poison Magic
 + Level 2.2 Invocations
 + Level 2.0 Evocations


You had 9 spell levels left.
You didn't know any spells.
Your spell library was empty.

Dungeon Overview and Level Annotations

Branches:
Dungeon (4/15)
 Temple: D:4-7

Altars:
Elyvilon
Okawaru
Wu Jian
The Shining One


Innate Abilities, Weirdness & Mutations

You have very sharp teeth.
Your uncanny sense of smell can sniff out nearby items.
Your experience applies equally to all skills.
You are somewhat resistant to further mutation.


Message History

You hit the orc. You freeze the orc.
The orc is heavily wounded.
You hit the iguana but do no damage. The gnoll barely misses you.
The iguana misses you. The orc hits you with a +0 hand axe.
You hit the orc. Lightning courses through the orc!
You kill the orc!
You hit the iguana but do no damage.
The iguana seems to speed up.
The iguana closely misses you. The gnoll hits you but does no damage.
You hit the orc.
The orc is almost dead.
You hit the iguana. You freeze the iguana. The iguana bites you.
* * * LOW HITPOINT WARNING * * *
The gnoll closely misses you. The orc hits you but does no damage.
The iguana bites you but does no damage.
A gnoll comes into view. It is wielding a +0 halberd.
As you read the scroll labelled ACAGUY IXOEMA, it crumbles to dust.
The creatures around you are filled with an inner flame!
It was a scroll of immolation.
The gnoll shouts!
Xom almost notices you.
Your 8 poisoned darts briefly glow.
The iguana bites you but does no damage.
The gnoll barely misses you. The orc hits you but does no damage.
The iguana bites you!
* * * LOW HITPOINT WARNING * * *
As you read the scroll labelled QUF QOOLYETURE, it crumbles to dust.
Your body is wracked with pain!
* * * LOW HITPOINT WARNING * * *
The iguana convulses!
Flame seeps out of the iguana.
The gnoll convulses!
Flame seeps out of the gnoll.
The gnoll convulses!
Flame seeps out of the gnoll.
It was a scroll of torment.
The iguana is engulfed in blazing flames.
Flame seeps out of the iguana.
The iguana barely misses you.
The gnoll is engulfed in blazing flames.
The gnoll explodes!
The fiery explosion engulfs the iguana!!!
The iguana explodes!
The fiery explosion engulfs you!!
You die...
Xom is highly amused!

##### .....##
#..## ## ....#
##.))# ##...###
P....# ##.)##
##......#
.~....
#...###...#####
.~....
#...#.)..##
.~.... .
##......##
.~.... ...
####....###
.....#
.....##o§....##
.....#
..g..§§○@....#
.....§○#####..#
....### #.....
... #..... .
##..... .....


You could see a gnoll (inner flame) and an orc (inner flame).

Vanquished Creatures
  A water moccasin (D:4)
  A hound (D:4)
  2 orc priests (D:4)
  An iguana (D:4)
  An orc wizard (D:4)
  4 adders
  A gnoll (D:4)
  A dart slug (D:3)
  6 orcs (D:4)
  A bat (D:2)
  3 endoplasms
  2 giant cockroaches
  6 goblins
  6 hobgoblins
  6 jackals
  2 quokkas
  2 ball pythons (D:1)
  2 frilled lizards
  3 kobolds
  4 rats
55 creatures vanquished.

Vanquished Creatures (others)
  An endoplasm zombie (D:4)
  7 fungi (D:4)
8 creatures vanquished.

Grand Total: 63 creatures vanquished

Notes
Turn   | Place    | Note
-------+----------+-------------------------------------------
     0 | D:1      | themarg the Gnoll Chaos Knight began the quest for the Orb.
     0 | D:1      | Reached XP level 1. HP: 23/23 MP: 1/1
    85 | D:1      | XOM: divination: detect creatures
   160 | D:1      | Reached XP level 2. HP: 29/29 MP: 2/2
   861 | D:2      | XOM: potion effect (berserk rage)
   867 | D:2      | Reached XP level 3. HP: 35/35 MP: 3/3
   881 | D:2      | Reached skill level 1 in Invocations
  1005 | D:2      | a bat changed into an acid dragon
  1005 | D:2      | Noticed an acid dragon
  1008 | D:2      | Gained mutation: You are somewhat resistant to further
                  | mutation. [potion of mutation]
  1008 | D:2      | XOM: potion effect (curing)
  1151 | D:3      | Found a glowing golden altar of the Shining One.
  1152 | D:3      | Found a white marble altar of Elyvilon.
  1154 | D:3      | Found an iron altar of Okawaru.
  1219 | D:3      | XOM: silly message
  1233 | D:3      | Reached skill level 1 in Short Blades
  1233 | D:3      | Reached skill level 1 in Long Blades
  1233 | D:3      | Reached skill level 1 in Maces & Flails
  1233 | D:3      | Reached skill level 1 in Polearms
  1233 | D:3      | Reached skill level 1 in Staves
  1233 | D:3      | Reached skill level 1 in Ranged Weapons
  1233 | D:3      | Reached skill level 1 in Throwing
  1233 | D:3      | Reached skill level 1 in Stealth
  1233 | D:3      | Reached skill level 1 in Shields
  1233 | D:3      | Reached skill level 1 in Unarmed Combat
  1233 | D:3      | Reached skill level 1 in Spellcasting
  1233 | D:3      | Reached skill level 1 in Evocations
  1298 | D:3      | XOM: potion effect (curing)
  1351 | D:3      | Reached XP level 4. HP: 41/41 MP: 5/5
  1585 | D:3      | Found an ornate altar of the Wu Jian Council.
  2104 | D:4      | Reached skill level 1 in Conjurations
  2104 | D:4      | Reached skill level 1 in Hexes
  2104 | D:4      | Reached skill level 1 in Summonings
  2104 | D:4      | Reached skill level 1 in Necromancy
  2104 | D:4      | Reached skill level 1 in Translocations
  2104 | D:4      | Reached skill level 1 in Transmutations
  2104 | D:4      | Reached skill level 1 in Fire Magic
  2104 | D:4      | Reached skill level 1 in Ice Magic
  2104 | D:4      | Reached skill level 1 in Air Magic
  2104 | D:4      | Reached skill level 1 in Earth Magic
  2104 | D:4      | Reached skill level 1 in Poison Magic
  2204 | D:4      | Noticed a water moccasin
  2218 | D:4      | XOM: silly message
  2231 | D:4      | Killed a water moccasin
  2232 | D:4      | Reached XP level 5. HP: 16/47 MP: 7/7
  2245 | D:4      | XOM: divination: detect items
  2375 | D:4      | Reached XP level 6. HP: 53/53 MP: 8/8
  2384 | D:4      | Reached skill level 5 in Armour
  2427 | D:4      | XOM: silly message
  2429 | D:4      | Killed by an exploding iguana... ignited by their inner
                  | flame

Illustrated notes

Levels and vault maps discovered:
D:1:      co_arrival_random_square_maze, layout_basic, wad_woods_river_04
D:2:      kennysheep_six_static_rooms, layout_basic
D:3:      layout_loops_ring, lemuel_crystal_altar, grunt_temple_overflow_open,
          roderic_lattice_a, nrook_campfire
D:4:      layout_layer_cave, serial_shops, shop, minivault_19,
          dreamdust_gnoll_farm

Skill      XL: |  1  2  3  4  5  6 |
---------------+-------------------+-----
Invocations    | 1 2 |  2.2
Short Blades   | 1 2 |  2.0
Long Blades    | 1 2 |  2.0
Maces & Flails | 1 2 |  2.0
Polearms       | 1 2 |  2.0
Staves         | 1 2 |  2.0
Ranged Weapons | 1 2 |  2.0
Throwing       | 1 2 |  2.0
Stealth        | 1 2 |  2.0
Shields        | 1 2 |  2.0
Unarmed Combat | 1 2 |  2.0
Spellcasting   | 1 2 |  2.0
Evocations     | 1 2 |  2.0
Conjurations   | 1 |  1.6
Hexes          | 1 |  1.6
Summonings     | 1 |  1.6
Necromancy     | 1 |  1.6
Translocations | 1 |  1.6
Transmutations | 1 |  1.6
Fire Magic     | 1 |  1.6
Ice Magic      | 1 |  1.6
Air Magic      | 1 |  1.6
Earth Magic    | 1 |  1.6
Poison Magic   | 1 |  1.6
Dodging        | 3 |  3.3
Armour         | 5 |  5.0
Fighting       | |  6.8
Axes           | |  6.8

Action                   |  1- 3 |  4- 6 || total
-------------------------+-------+-------++-------
Melee: Hand axe          |    75 |    78 ||   153
       Bite              |     5 |     6 ||    11
       Punch             |     1 |       ||     1
Evoke: Piece from Xom's  |     1 |       ||     1
  Use: Potion            |     1 |     3 ||     4
       Scroll            |     1 |     3 ||     4
Armor: Leather armour    |    12 |       ||    12
       Ring mail         |    16 |    35 ||    51
Dodge: Dodged            |    41 |    42 ||    83

Table legend: (Time is in decaauts)
 A = Elapsed time spent in this place.
 B = Non-inter-level travel time spent in this place.
 C = Inter-level travel time spent in this place.
 D = Time resting spent in this place.
 E = Time spent auto-exploring this place.
 F = Levels seen in this place.
 G = Mean time per level.
                   A        B        C        D        E       F      G
               +--------+--------+--------+--------+--------+-----+--------+
         Total |   2453 |   2335 |    118 |    159 |   1776 |   4 |  613.2 |
       Dungeon |   2453 |   2335 |    118 |    159 |   1776 |   4 |  613.2 |
               +--------+--------+--------+--------+--------+-----+--------+

Top non-repeatable levels by time:
     D:3: 909 daAuts
     D:1: 880 daAuts
     D:4: 504 daAuts
     D:2: 158 daAuts
